 Dungeon Crawl Stone Soup version 0.28.0-43-g3370ac3207 (webtiles) character file.

Game seed: 12260475050369685649

0 bromine the Cutter (level 1, 0/14 HPs)
             Began as a Kobold Berserker on Mar 29, 2022.
             Was a Follower of Trog.
             Slain by a goblin
             ... wielding a +0 club
              (3 damage)
             ... on level 1 of the Dungeon.
             The game lasted 00:00:18 (73 turns).

bromine the Cutter (Kobold Berserker)                 Turns: 73, Time: 00:00:19

Health: 0/14       AC:  2    Str: 14    XL:     1   Next: 0%
Magic:  1/1        EV: 14    Int:  8    God:    Trog [*.....]
Gold:   0          SH:  0    Dex: 14    Spells: 0/0 levels left

rFire   . . .      SeeInvis .   a - +0 short sword
rCold   . . .      Faith    .   (no shield)
rNeg    . . .      Spirit   .   b - +0 animal skin
rPois   .          Reflect  .   (no helmet)
rElec   .          Harm     .   (no cloak)
rCorr   .          Rampage  .   (no gloves)
Will    .....                   (no boots)
Stlth   ++........              (no amulet)
HPRegen 0.04/turn               (no ring)
MPRegen 0.07/turn               (no ring)

@: no status effects
A: small, no large weapons, nightstalker 3
a: Renounce Religion, Berserk


You were on level 1 of the Dungeon.
You worshipped Trog.
Trog was aware of your devotion.
You visited 1 branch of the dungeon, and saw 1 of its levels.

Inventory:

Hand Weapons
 a - a +0 short sword (weapon)
Armour
 b - a +0 animal skin (worn)


   Skills:
 + Level 3.2 Fighting
 + Level 4.0 Short Blades
 + Level 1.5 Armour
 + Level 2.4 Dodging


You couldn't memorise any spells.
You didn't know any spells.
Your spell library was empty.

Dungeon Overview and Level Annotations

Branches:
Dungeon (1/15)

Altars:


Innate Abilities, Weirdness & Mutations

You are small and have problems with some larger weapons.
You are completely attuned to the shadows.


Message History

Why would you want to do that? Why would you want to do that?
Why would you want to do that? Why would you want to do that?
There is a fountain of clear blue water here.
Why would you want to do that? Why would you want to do that?
There is a fountain of clear blue water here.
You hit the toadstool but do no damage. Why would you want to do that?
Why would you want to do that?
There is a fountain of clear blue water here.
You hit the toadstool.
You destroy the toadstool!
Why would you want to do that? Why would you want to do that?
There is a fountain of clear blue water here.
Found a stone staircase leading down.
A kobold comes into view. It is wielding a +0 dagger.
The kobold shouts!
You hear a shout!
There is a stone staircase leading down here.
A goblin comes into view. It is wielding a +0 club.
The goblin shouts!
You barely miss the kobold. The kobold misses you.
You barely miss the kobold. The kobold barely misses you.
You hit the kobold but do no damage. The kobold barely misses you.
The goblin hits you with a +0 club.
You hit the kobold but do no damage. The kobold barely misses you.
You hit the kobold but do no damage. The goblin barely misses you.
The kobold misses you.
You closely miss the kobold. The goblin hits you with a +0 club.
You closely miss the kobold. The kobold hits you with a +0 dagger.
The goblin misses you.
You closely miss the kobold. The kobold misses you. The goblin misses you.
You miss the kobold. The kobold hits you with a +0 dagger.
The goblin misses you.
You barely miss the kobold. The kobold hits you with a +0 dagger.
* * * LOW HITPOINT WARNING * * *
The goblin hits you with a +0 club.
You die...

#..#..........
####^.............
##≈#....#.≈........
##≈♣≈.#..#≈♣≈...g...
#≈♣⌠♣≈≈≈≈≈♣⌠♣≈>@K>..
.#.≈♣.......♣≈.......
....≈...<...≈........
...≈♣........≈.......
..≈♣⌠♣≈≈≈≈≈.⌠.≈......
...≈♣≈##.##≈.≈.....
....≈.##.###≈.....
.####..#.# ##.....
#.# ##....


You could see a goblin and a kobold.

Vanquished Creatures
  4 toadstools (D:1)
4 creatures vanquished.

Notes
Turn   | Place    | Note
-------+----------+-------------------------------------------
     0 | D:1      | bromine the Kobold Berserker began the quest for the Orb.
     0 | D:1      | Reached XP level 1. HP: 14/14 MP: 1/1
    73 | D:1      | Slain by a goblin

Illustrated notes

Levels and vault maps discovered:
D:1:      ldierk_water_garden, layout_rooms, dreamdust_ecumenical_altar_statues

Action                   || total
-------------------------++-------
Melee: Short sword       ||    16
Dodge: Dodged            ||    10
